 Dungeon Crawl Stone Soup version 0.32-a0-825-g0e82a1035d (webtiles) character file.

Game seed: 16701167220040344395

7541 Descartes the Cleaver (level 10, -14/91 HPs)
             Began as a Mountain Dwarf Fighter on Mar 25, 2024.
             Was an Initiate of Gozag.
             Killed by divine providence
             ... invoked by an orc priest
              (15 damage)
             ... on level 10 of the Dungeon.
             The game lasted 00:12:00 (9788 turns).

Descartes the Cleaver (Mountain Dwarf Fighter)      Turns: 9788, Time: 00:12:00

Health: -14/91     AC: 15    Str: 24    XL:     10   Next: 96%
Magic:  10/10      EV:  7    Int:  8    God:    Gozag
Gold:   1323       SH: 17    Dex:  9    Spells: 9/9 levels left

rFire   . . .        u - +2 war axe (elec)
rCold   . . .        g - +2 kite shield
rNeg    . . .        j - +0 chain mail
rPois   .            k - +0 helmet
rElec   .            m - +0 cloak
rCorr   +            (no gloves)
SInv    .            s - +0 pair of boots
Will    +....        t - amulet of reflection Stlth
                     B - ring of resist corrosion
HPRegen 0.35/turn    (no ring)
MPRegen 0.12/turn

%: reflection
@: no status effects
A: runic magic, artefact enchanting
a: Renounce Religion, Potion Petition, Call Merchant, Bribe Branch


You were on level 10 of the Dungeon.
You worshipped Gozag.
Gozag was most pleased with you.
You visited 2 branches of the dungeon, and saw 11 of its levels.

You collected 1411 gold pieces.
You paid 88 gold pieces to Gozag.

Inventory:

Hand Weapons
 a - a +0 war axe
 b - a +2 long sword of holy wrath
 u - a +2 war axe of electrocution (weapon)
 y - a +5 dire flail
 D - a +0 battleaxe
Armour
 g - a +2 kite shield (worn)
 j - a +0 chain mail (worn)
 k - a +0 helmet (worn)
 m - a +0 cloak (worn)
 s - a +0 pair of boots (worn)
Jewellery
 t - an amulet of reflection (around neck)
 B - a ring of resist corrosion (left hand)
 K - a ring of see invisible
Wands
 x - a wand of iceblast (8)
 C - a wand of light (8)
 E - a wand of flame (21)
 F - a wand of mindburst (7)
 G - a wand of paralysis (12)
 I - a wand of digging (5)
Scrolls
 e - 3 scrolls of enchant armour {unknown}
 h - a scroll of immolation {unknown}
 i - 2 scrolls of revelation {unknown}
 l - 2 scrolls of identify {unknown}
 n - a scroll of blinking {unknown}
 p - 5 scrolls of teleportation {unknown}
 v - 3 scrolls of noise {unknown}
 w - 2 scrolls of fog {unknown}
 H - 3 scrolls of enchant weapon {unknown}
 J - a scroll of poison {unknown}
Potions
 c - a potion of brilliance {unknown}
 d - 5 potions of might
 f - 4 potions of curing {unknown}
 o - a potion of haste {unknown}
 q - 3 potions of enlightenment {unknown}
 r - a potion of mutation {unknown}
 z - a potion of cancellation {unknown}
 A - 2 potions of heal wounds {unknown}


   Skills:
 + Level 9.2 Fighting
 + Level 6.6 Long Blades
 + Level 9.3 Axes
 + Level 9.0 Armour
 + Level 9.1 Shields


You had 9 spell levels left.
You didn't know any spells.
Your spell library contained the following spells:

 Spells                   Type           Power      Damage    Failure   Level
 Apportation              Tloc           0%         N/A       75%         1
 Necrotise                Necr           0%         1d4       75%         1
 Sting                    Conj/Alch      0%         1d3       75%         1
 Summon Small Mammal      Summ           0%         N/A       75%         1
 Cigotuvi's Dreadful Rot  Necr/Alch/Air  0%         N/A       86%         2
 Stone Arrow              Conj/Erth      0%         3d7       98%         3
 Animate Armour           Summ/Erth      0%         N/A       100%        4
 Ignite Poison            Fire/Alch      0%         N/A       100%        4
 Freezing Cloud           Conj/Ice/Air   0%         6-21      100%        5
 Lehudib's Crystal Spear  Conj/Erth      0%         10d2      100%        8


Dungeon Overview and Level Annotations

Branches:
Dungeon (10/15)            Temple (1/1) D:5            Lair (0/5) D:10
    Orc: D:9-12

Altars:
Ashenzari
Dithmenos
Elyvilon
Fedhas
Gozag
Hepliaklqana
Kikubaaqudgha
Makhleb
Nemelex Xobeh
Qazlal
Ru
Sif Muna
Trog
Uskayaw
Vehumet
Wu Jian
Xom
Yredelemnul
Zin
The Shining One

Annotations:
D:6 1 runed translucent door


Innate Abilities, Weirdness & Mutations

Your spellcasting is much less encumbered by armour.
You can use scrolls of enchantment on lesser artefacts.


Message History

You are too injured to fight recklessly!
You are too injured to fight recklessly!
You are too injured to fight recklessly!
You are too injured to fight recklessly!
You are too injured to fight recklessly!
You are too injured to fight recklessly!
You are too injured to fight recklessly!
You are too injured to fight recklessly!
You are too injured to fight recklessly!
You are too injured to fight recklessly!
You are too injured to fight recklessly!
You are too injured to fight recklessly!
Unknown command.
The two-headed ogre attacks as it pursues you!
You block the two-headed ogre's attack.
The two-headed ogre hits you with a +0 giant spiked club!
You block the wyvern's attack. The wyvern bites you.
The orc priest invokes the aid of Beogh against you.
Beogh smites you!
* * * LOW HITPOINT WARNING * * *
You block the wyvern's attack.
You slash the wyvern!
The wyvern is moderately wounded.
The orc priest calls down the wrath of Beogh upon you.
Beogh smites you!
* * * LOW HITPOINT WARNING * * *
You hit the two-headed ogre.
Lightning courses through the two-headed ogre!
The two-headed ogre is heavily wounded.
You hit the two-headed ogre but do no damage.
The two-headed ogre is heavily wounded.
The two-headed ogre hits you with a +0 giant club.
* * * LOW HITPOINT WARNING * * *
The two-headed ogre hits you with a +0 giant spiked club.
* * * LOW HITPOINT WARNING * * *
The orc priest invokes the aid of Beogh against you.
Beogh smites you!
You die...
Your body crumbles into a pile of gold.

#....[..........#
#.#
#.#.#.#.#......###.#
#...[..........##..#
####o##............#
#.##........###.#
#D..........# #.#
#k##.......)# #.#
#O###.#.....# #.#
#@# #.###..## #.#
#.# #.# #..# #.# ...
#.# ##.# #.#
##.###.# #.# #.# ...
... ### #.# ### ###
#.# #.# #.# #.#


You could see a two-headed ogre, a steam dragon, a wyvern and an orc priest.

Vanquished Creatures
  2 two-headed ogres
  2 wyverns
  12 yaks (D:9)
  A steam dragon (D:9)
  4 vampire mosquitoes (D:8)
  2 water moccasins
  4 sky beasts
  2 black bears
  2 ice beasts
  2 ogres
  2 kobold brigands (D:8)
  2 bullfrogs (D:6)
  2 scorpions (D:7)
  16 wights
  11 killer bees (D:9)
  5 howler monkeys
  2 bombardier beetles
  4 hounds
  An orc priest (D:10)
  3 jellies
  2 gnoll boudas
  2 iguanas
  A human skeleton (D:6)
  A sleepcap (D:5)
  Natasha (thrice) (D:3)
  Robin (D:2)
  8 gnolls
  2 adders
  2 white imps
  3 dart slugs
  2 ribbon worms (D:3)
  9 orcs
  5 endoplasms
  5 giant cockroaches
  4 hobgoblins
  3 jackals (D:1)
  13 kobolds
  5 quokkas
  8 ball pythons
  4 bats
  3 frilled lizards
  16 goblins
  A jackal skeleton (D:6)
  5 rats
189 creatures vanquished.

Notes
Turn   | Place    | Note
-------+----------+-------------------------------------------
     0 | D:1      | Descartes the Mountain Dwarf Fighter began the quest for
                  | the Orb.
     0 | D:1      | Reached XP level 1. HP: 19/19 MP: 1/1
   138 | D:1      | Reached XP level 2. HP: 24/26 MP: 2/2
   192 | D:1      | Found a faded altar of an unknown god.
   778 | D:2      | Reached XP level 3. HP: 33/33 MP: 3/3
   871 | D:2      | Noticed Robin
   900 | D:2      | Killed Robin
  1198 | D:2      | Found a blossoming altar of Fedhas.
  1450 | D:3      | Reached XP level 4. HP: 36/40 MP: 4/4
  1632 | D:3      | Noticed Natasha
  1642 | D:3      | Killed Natasha
  1703 | D:3      | Reached XP level 5. HP: 46/46 MP: 5/5
  1815 | D:3      | Noticed Natasha
  1829 | D:3      | Killed Natasha
  2058 | D:4      | Noticed a black bear
  2202 | D:3      | Reached skill level 1 in Long Blades
  2204 | D:3      | HP: 2/47 [gnoll/+0 flail (5)]
  2424 | D:3      | Noticed Natasha
  2438 | D:3      | Killed Natasha
  3106 | D:4      | Found a bloodstained altar of Trog.
  3122 | D:4      | Reached XP level 6. HP: 32/53 MP: 6/6
  3396 | D:4      | Reached skill level 5 in Fighting
  3589 | D:4      | Reached skill level 5 in Shields
  3592 | D:4      | Reached skill level 5 in Armour
  4345 | D:5      | Entered Level 5 of the Dungeon
  4427 | D:5      | Reached XP level 7. HP: 57/61 MP: 7/7
  5008 | D:5      | Found a staircase to the Ecumenical Temple.
  5014 | Temple   | Entered the Ecumenical Temple
  5020 | Temple   | Became a worshipper of Gozag Ym Sagoz the Greedy
  5177 | D:6      | Reached skill level 5 in Axes
  5296 | D:6      | Reached XP level 8. HP: 70/70 MP: 8/8
  5304 | D:6      | Found a runed translucent door.
  5310 | D:6      | Found a basalt altar of Yredelemnul.
  6697 | D:7      | Reached XP level 9. HP: 78/78 MP: 9/9
  7844 | D:8      | Noticed a two-headed ogre
  7858 | D:8      | Killed a two-headed ogre
  7859 | D:8      | Reached skill level 5 in Long Blades
  8187 | D:8      | Reached XP level 10. HP: 79/88 MP: 10/10
  8650 | D:9      | Found a hide-covered altar of Uskayaw.
  9204 | D:9      | Found a white marble altar of Elyvilon.
  9204 | D:9      | Found a shimmering altar of Xom.
  9475 | D:10     | Entered Level 10 of the Dungeon
  9596 | D:10     | Found a staircase to the Lair.
  9680 | D:10     | Noticed a two-headed ogre
  9691 | D:10     | Killed a two-headed ogre
  9773 | D:10     | Noticed a two-headed ogre
  9788 | D:10     | HP: 2/91 [two-headed ogre/+0 giant club (3)]
  9788 | D:10     | Killed from afar by an orc priest

Illustrated notes

Levels and vault maps discovered:
D:1:      dpeg_arrival_boxorama, layout_basic, serial_forest,
          infiniplex_forest_diagonal, infiniplex_forest_lined_3,
          infiniplex_forest_lined_room_2, infiniplex_forest_lined_4_way,
          infiniplex_forest_pool, infiniplex_forest_clump_diagonal,
          infiniplex_forest_straight_2, basic_ecumenical_altar, eino_curves_01,
          minivault_24
D:2:      layout_loops_ring, basic_altar, uniq_robin
D:3:      layout_rooms, uniq_natasha
D:4:      layout_rooms, lemuel_crystal_altar, minmay_misc_feat_alley
D:5:      layout_rooms, minmay_temple_entry_fiery
D:6:      layout_layer_cave, dk_yredelemnul_ordeal
D:7:      layout_loops_ring
D:8:      layout_basic, minmay_crossroads
D:9:      layout_rooms, kennysheep_little_box, grunt_temple_overflow_open,
          grunt_decor_junction, glass_columns_c
D:10:     minmay_the_grid_triangle_9x9_rhombus_full
          [minmay_the_grid_triangle_9x9_from_above,
          minmay_the_grid_triangle_9x9_negative_grid,
          minmay_the_grid_triangle_9x9_warning,
          minmay_the_grid_triangle_9x9_sprig,
          minmay_the_grid_triangle_9x9_empty,
          minmay_the_grid_triangle_9x9_flanged_cone,
          minmay_the_grid_triangle_9x9_dagger,
          minmay_the_grid_triangle_9x9_prize_top_heavy], layout_rooms,
          jmf_multi_god_temple2, orc_0_dummy,
          nicolae_shop_distant_corner_stores, grunt_decor_fettered, st_stairs_4
Temple:   hellmonk_temple_two_chambers

Skill      XL: |  1  2  3  4  5  6  7  8  9 10 |
---------------+-------------------------------+-----
Axes           | 3 4 5 6 7 9 |  9.3
Fighting       | 4 5 6 8 9 |  9.2
Armour         | 4 5 6 7 9 |  9.0
Shields        | 4 5 6 8 9 |  9.1
Long Blades    | 1 2 3 4 5 6 |  6.6

Action                     |  1- 3 |  4- 6 |  7- 9 | 10-12 || total
---------------------------+-------+-------+-------+-------++-------
  Melee: War axe           |    87 |    33 |   252 |   204 ||   576
         Long sword        |    34 |   178 |       |       ||   212
   Stab: Distracted        |       |       |       |     4 ||     4
 Armour: Scale mail        |    50 |       |       |       ||    50
         Chain mail        |    53 |   228 |   157 |   117 ||   555
  Dodge: Dodged            |    47 |    61 |    45 |    34 ||   187
  Block: Buckler           |    12 |       |       |       ||    12
         Kite shield       |    64 |   197 |   229 |   191 ||   681
         Reflection        |       |       |     4 |       ||     4

Table legend: (Time is in decaauts)
 A = Elapsed time spent in this place.
 B = Non-inter-level travel time spent in this place.
 C = Inter-level travel time spent in this place.
 D = Time resting spent in this place.
 E = Time spent auto-exploring this place.
 F = Levels seen in this place.
 G = Mean time per level.
                   A        B        C        D        E       F      G
               +--------+--------+--------+--------+--------+-----+--------+
         Total |  10099 |   9712 |    387 |      0 |   7907 |  11 |  918.1 |
       Dungeon |  10086 |   9704 |    382 |      0 |   7907 |  10 | 1008.6 |
        Temple |     12 |      7 |      5 |      0 |      0 |   1 |   12.0 |
               +--------+--------+--------+--------+--------+-----+--------+

Top non-repeatable levels by time:
     D:3: 1947 daAuts
     D:6: 1404 daAuts
     D:9: 1318 daAuts
     D:2: 1031 daAuts
     D:7: 935 daAuts
     D:8: 853 daAuts
     D:4: 818 daAuts
     D:1: 738 daAuts
     D:5: 722 daAuts
    D:10: 317 daAuts
  Temple: 12 daAuts
